 Dungeon Crawl Stone Soup version 0.18-a0-1347-gb9e2fb4 (webtiles) character file.

3836 Hometown the Cleaver (level 9, 0/68 HPs)
             Began as a Minotaur Gladiator on Feb 17, 2016.
             Was a Follower of Nemelex Xobeh.
             Slain by an alligator (3 damage)
             ... on level 9 of the Dungeon.
             The game lasted 00:38:41 (8496 turns).

Hometown the Cleaver (Minotaur Gladiator)           Turns: 8496, Time: 00:38:41

Health: 0/68       AC: 18    Str: 20    XL:     9   Next: 98%
Magic:  8/8        EV: 13    Int:  5    God:    Nemelex Xobeh [*.....]
Gold:   336        SH:  8    Dex: 19    Spells: 0 memorised, 8 levels left

rFire  + . .     SeeInvis .     a - +0 war axe
rCold  + . .     Gourm    .     H - +0 plate armour
rNeg   . . .     Faith    .     p - +0 shield
rPois  +         Spirit   .     c - +0 hat
rElec  +         Dismiss  .     s - +0 cloak
rCorr  +         Reflect  .     y - +0 pair of gloves
SustAt .         Harm     .     (no boots)
MR     .....                    (no amulet)
Stlth  ..........               (no ring)
                                (no ring)

@: agile, resistant, not resistant to hostile enchantments, extremely unstealthy
A: retaliatory headbutt, horns 2, slimy green scales 1
a: Renounce Religion


You were on level 9 of the Dungeon.
You worshipped Nemelex Xobeh.
Nemelex Xobeh was aware of your devotion.
You were very hungry.

You visited 2 branches of the dungeon, and saw 11 of its levels.
You also visited: Bailey.

You collected 336 gold pieces.

Inventory:

Hand Weapons
 a - a +0 war axe (weapon)
Missiles
 d - 3 throwing nets (quivered)
 G - 68 tomahawks of returning
Armour
 b - a +0 leather armour
 c - a +0 hat (worn)
 p - a +0 shield (worn)
 s - a +0 cloak (worn)
 y - a +0 pair of gloves (worn)
 H - a +0 plate armour (worn)
Jewellery
 F - a +4 ring of intelligence
 L - a +3 ring of protection {unknown}
Wands
 D - a wand of lightning (3/15)
 E - a wand of paralysis (3/24)
 N - a wand of teleportation (2/9)
 O - a wand of flame (15/48)
 Q - a wand of iceblast (5/15)
 R - a wand of confusion (10/48)
Scrolls
 e - 2 scrolls of enchant weapon {unknown}
 g - 3 scrolls of teleportation {unknown}
 h - 2 scrolls of blinking
 k - 3 scrolls of remove curse
 l - 3 scrolls of recharging
 o - 5 scrolls of identify
 q - 2 scrolls of fear {unknown}
 r - a scroll of noise {unknown}
 K - a scroll of enchant armour {unknown}
 S - a scroll of silence {unknown}
 T - a scroll of fog {unknown}
Potions
 i - 2 potions of lignification
 j - 7 potions of curing
 n - 5 potions of heal wounds
 u - a potion of haste
 w - 4 potions of might {unknown}
 x - 3 potions of brilliance {unknown}
 A - a potion of degeneration {unknown}
 B - 2 potions of cure mutation {unknown}
 C - a potion of agility {unknown}
 I - 3 potions of magic {unknown}
 J - a potion of berserk rage {unknown}
Miscellaneous
 M - a plain deck of war {drawn: 3}
 P - a plain deck of destruction {drawn: 3}
Comestibles
 f - a bread ration
 t - a beef jerky
 v - 3 meat rations
 z - 2 fruits


   Skills:
 - Level 2.4 Fighting
 + Level 12.3 Axes
 - Level 2.0 Throwing
 + Level 7.8 Armour
 - Level 9.1 Dodging


You had 8 spell levels left.
You didn't know any spells.

Dungeon Overview and Level Annotations

Branches:
Dungeon (10/15)            Temple (1/1) D:7            Lair (0/8) D:9
    Orc: D:9-12

Altars:
Ashenzari
Cheibriados
Dithmenos
Elyvilon
Fedhas
Gozag
Kikubaaqudgha
Makhleb
Nemelex Xobeh
Okawaru
Pakellas
Qazlal
Sif Muna
Trog
Vehumet
Xom
Yredelemnul
Zin
The Shining One

Shops:
D:5 [

Annotations:
D:4 Wallaby3's ghost, amateur OgAM


Innate Abilities, Weirdness & Mutations

You reflexively headbutt those who attack you in melee.
You have a pair of horns on your head.
You are partially covered in slimy green scales (AC +2).


Message History

You headbutt the alligator! The alligator barely misses you.
You hit the alligator. You headbutt the alligator.
The alligator is heavily wounded.
The alligator misses you. The alligator completely misses you.
You block the alligator's attack. The alligator tail-slaps you.
* * * LOW HITPOINT WARNING * * *
Your plate armour prevents you from hitting the alligator.
The alligator is heavily wounded.
The alligator bites you!
* * * LOW HITPOINT WARNING * * *
You block the alligator's attack.
Drink which item? (? for menu, Esc to quit)
It was a potion of resistance.
You feel protected. The alligator barely misses you. You furiously retaliate!
You headbutt the alligator! The alligator tail-slaps you.
* * * LOW HITPOINT WARNING * * *
The alligator bites you.
You die...
Your body glows slightly and disappears.

###### #....# #....# #....#
#....####### # ##'###.....##..
####### # #.............. #.....#
# #......t....... #.....# #
#......@....... #.....# #
#.............. #....## #
######..#########.. ##...## #
#.......####..###+## #...## #
#................... #.....
#....#................... #...##
#....#..##.........#########...#.
#....#####.........##.....##...#.
#....# #####'###.........##...#.


You could see an alligator.

Vanquished Creatures
  An orc knight (Bailey)
  A fire drake (D:9)
  A two-headed ogre (D:8)
  A human (D:9)
  Edmund (D:6)
  Duvessa (D:7)
  A black bear (D:9)
  2 orc warriors (D:9)
  An ice beast (D:7)
  2 sky beasts
  2 ogres
  2 centaurs
  2 giant frogs
  Blork the orc (D:4)
  A wyvern zombie (D:9)
  Dowan (D:7)
  3 scorpions
  5 killer bees (D:9)
  2 crimson imps
  A quasit (D:5)
  3 hounds
  2 jellies
  A gnoll shaman (D:9)
  2 orc priests
  A centaur skeleton (D:8)
  2 iguanas
  2 orc wizards
  3 worker ants
  2 hound skeletons
  20 gnolls
  9 adders
  A shadow imp (D:7)
  3 oozes
  4 worms
  4 giant geckos
  33 orcs
  6 bats
  5 giant cockroaches
  9 goblins
  21 hobgoblins
  15 jackals
  11 kobolds
  2 quokkas
  A ball python (D:7)
  A giant gecko skeleton (D:5)
  A giant gecko zombie (D:7)
  8 giant newts
  11 rats
  A plant (D:6)
216 creatures vanquished.

Vanquished Creatures (others)
  An orc wizard (D:9)
1 creature vanquished.

Grand Total: 217 creatures vanquished

Notes
Turn   | Place    | Note
--------------------------------------------------------------
     0 | D:1      | Hometown the Minotaur Gladiator began the quest for the Orb.
     0 | D:1      | Reached XP level 1. HP: 18/18 MP: 0/0
    77 | D:1      | Reached skill level 4 in Axes
    78 | D:1      | Reached XP level 2. HP: 19/25 MP: 1/1
   746 | D:1      | Reached XP level 3. HP: 30/30 MP: 2/2
  1050 | D:2      | Found a faded altar to an unknown god.
  1467 | D:2      | Reached XP level 4. HP: 7/37 MP: 3/3
  1878 | D:2      | Reached skill level 5 in Axes
  2501 | D:3      | Reached skill level 5 in Dodging
  2519 | D:3      | Reached XP level 5. HP: 39/42 MP: 4/4
  2963 | D:4      | Noticed Blork the orc
  2969 | D:4      | Killed Blork the orc
  2969 | D:4      | Reached skill level 6 in Axes
  3096 | D:4      | Reached XP level 6. HP: 29/50 MP: 5/5
  3385 | D:4      | Noticed Wallaby3's ghost (amateur OgAM)
  3444 | D:5      | Entered Level 5 of the Dungeon
  3542 | D:5      | Found Wiom's Armour Shoppe.
  4229 | D:5      | Reached skill level 7 in Axes
  4262 | D:6      | Reached XP level 7. HP: 16/56 MP: 6/6
  4493 | D:6      | Noticed Edmund
  4522 | D:6      | Killed Edmund
  4972 | D:7      | Found an iron altar of Okawaru.
  5020 | D:7      | Found an oddly glowing altar of Pakellas.
  5113 | D:7      | Found a flagged portal.
  5126 | D:7      | Noticed Dowan
  5128 | D:7      | Noticed Duvessa
  5167 | D:7      | Reached skill level 8 in Axes
  5168 | D:7      | Killed Duvessa
  5177 | Bailey   | Entered a bailey
  5582 | Bailey   | Reached XP level 8. HP: 22/62 MP: 7/7
  5847 | Bailey   | Noticed an orc knight
  6048 | Bailey   | Killed an orc knight
  6048 | Bailey   | Reached skill level 9 in Axes
  6451 | D:7      | Killed Dowan
  6477 | D:7      | Reached skill level 10 in Axes
  6477 | D:7      | Reached skill level 1 in Armour
  6494 | D:7      | Gained mutation: You are partially covered in slimy green scales (AC +2). [mutagenic meat]
  6532 | D:7      | Found a staircase to the Ecumenical Temple.
  6541 | Temple   | Entered the Ecumenical Temple
  6642 | Temple   | Became a worshipper of Nemelex Xobeh the Trickster
  6710 | D:7      | You fall through a shaft for 2 floors!
  6777 | D:9      | Received a gift from Nemelex Xobeh
  6821 | D:9      | Found a staircase to the Lair.
  6824 | D:9      | Noticed a fire drake
  6843 | D:9      | Killed a fire drake
  6843 | D:9      | Reached XP level 9. HP: 36/68 MP: 8/8
  7225 | D:9      | Reached skill level 11 in Axes
  7225 | D:9      | Reached skill level 5 in Armour
  7445 | D:8      | Found a bloodstained altar of Trog.
  7530 | D:8      | Reached * piety under Nemelex Xobeh
  7630 | D:8      | You fall through a shaft for 2 floors!
  7630 | D:10     | Entered Level 10 of the Dungeon
  7630 | D:10     | Noticed a white ugly thing
  7693 | D:10     | Noticed a merfolk
  7701 | D:10     | Found a bloodstained altar of Trog.
  7745 | D:9      | Reached skill level 12 in Axes
  7851 | D:9      | Received a gift from Nemelex Xobeh
  8477 | D:9      | Noticed a four-headed hydra
  8488 | D:9      | Noticed an alligator
  8488 | D:9      | a seven-headed hydra changed into an alligator
  8495 | D:9      | HP: 2/68 [alligator (5)]
  8496 | D:9      | Slain by an alligator

Vault maps used:
D:1:      dpeg_arrival_long_road, serial_forest, infiniplex_forest_diagonal,
          infiniplex_forest_fountain, infiniplex_forest_lined_ring,
          infiniplex_forest_end_2, infiniplex_forest_lined_corner,
          infiniplex_forest_clump_long
D:2:      ecumenical_altar_1, serial_forest, infiniplex_forest_clump_double,
          infiniplex_forest_zigzag_2, infiniplex_forest_zigzag_1,
          infiniplex_forest_lined_room_2, infiniplex_forest_clump_small,
          infiniplex_forest_lined_corner, infiniplex_forest_clump_curved,
          infiniplex_forest_clump_long, infiniplex_forest_end_2,
          infiniplex_forest_clump_double
D:3:      first_bread
D:4:      kennysheep_little_box, serial_shops, nicolae_shop_trees,
          okawaru_trees_1, uniq_blork_the_orc
D:5:      serial_shops, nicolae_shop_window_shopping
D:6:      serial_bayou, serial_bayou_shore_a, serial_bayou_pond_e,
          serial_bayou_lagoon_b, serial_bayou_lagoon_a, uniq_edmund
D:7:      grunt_pakellas_mercury, temple_green, enter_bailey_3, basic_altar,
          uniq_pikel, uniq_duvessa
D:8:      basic_altar
D:9:      minmay_lair_entry_lava, special_room
D:10:     hangedman_stone_soup, bloody_trog
Temple:   grunt_circular_temple_18
Bailey:   bailey_axe_2, bailey

Action                   |  1- 3 |  4- 6 |  7- 9 || total
-------------------------+-------+-------+-------++-------
Melee: War axe           |    65 |   147 |   450 ||   662
Throw: Throwing net      |       |     2 |     1 ||     3
       Tomahawk          |       |       |    23 ||    23
Evoke: Wand              |       |       |    15 ||    15
       Deck              |       |       |     6 ||     6
  Use: Potion            |       |       |     8 ||     8
       Scroll            |       |       |     5 ||     5
 Stab: Held in net/web   |       |     2 |       ||     2
       Paralysed         |       |       |     9 ||     9
  Eat: Chunk             |       |     9 |     7 ||    16
       Bread ration      |       |       |     2 ||     2
